 Dungeon Crawl Stone Soup version 0.29-a0-359-g541a27f54d (webtiles) character file.

Game seed: 3640013006230369511

9 zeratav the Shooter (level 2, -1/16 HPs)
             Began as a Deep Elf Hunter on Apr 27, 2022.
             Slain by a kobold
             ... wielding a +0 short sword of flaming
              (3 damage)
             ... on level 1 of the Dungeon.
             The game lasted 00:00:31 (515 turns).

zeratav the Shooter (Deep Elf Hunter)                Turns: 515, Time: 00:00:32

Health: -1/16      AC:  3    Str:  8    XL:     2   Next: 6%
Magic:  4/4        EV: 12    Int: 13    God:
Gold:   10         SH:  0    Dex: 18    Spells: 1/1 levels left

rFire   . . .      SeeInvis .   a - +1 shortbow {bow}
rCold   . . .      Faith    .   (shield currently unavailable)
rNeg    . . .      Spirit   .   b - +0 leather armour
rPois   .          Reflect  .   (no helmet)
rElec   .          Harm     .   (no cloak)
rCorr   .          Rampage  .   (no gloves)
Will    .....                   (no boots)
Stlth   ++........              (no amulet)
HPRegen 0.05/turn               (no ring)
MPRegen 0.09/turn               (no ring)

@: no status effects
A: no striking features
a: no special abilities


You were on level 1 of the Dungeon.
You visited 1 branch of the dungeon, and saw 1 of its levels.

You collected 10 gold pieces.


   Skills:
 - Level 1.5 Fighting
 + Level 6.0 Bows
 - Level 2.4 Dodging
 - Level 1.2 Stealth


You had one spell level left.
You didn't know any spells.
Your spell library was empty.

Inventory:

Hand Weapons
 a - a +1 shortbow (weapon) {bow}
Armour
 b - a +0 leather armour (worn)
Scrolls
 c - 2 scrolls of immolation {!r!r}
Potions
 d - a potion of magic {unknown}
 e - a potion of lignification {unknown}

Dungeon Overview and Level Annotations

Branches:
Dungeon (1/15)

Altars:

#......# #.#...
#......# .#...
### #......#
.... ....#
#......# ..$
....# #......#
# .. #....#
#......#
#..###.###....#
##.##...
#....KK......#
#.##...
#.@......#
#.##...
##.......#
#.##.#.
#.......#
#.##...
#.##.......#
#.#####
#..........#
#.#####
####.......#
#......
#.......#
#####..
#####.### #.#
#.# ####.#


You could see 2 kobolds.


Message History

You shoot an arrow. The arrow hits the endoplasm!
You kill the endoplasm!
No target in view!
No target in view!
No target in view!
No target in view!
No target in view!
No target in view!
No target in view!
No target in view!
No target in view!
No target in view!
No target in view!
No target in view!
No target in view!
No target in view!
Found a stone staircase leading down.
e - a ruby potion
There is a stone staircase leading down here.
Things that are here:
a +0 dagger {short}; a goblin skeleton
There is a stone staircase leading down here.
A bat comes into view.
The bat closely misses you.
You shoot an arrow. The arrow hits the bat!
You kill the bat!
A kobold comes into view.
It is wielding a +0 short sword of flaming.
The kobold shouts!
A bat comes into view.
The kobold moves out of view.
The bat moves out of view.
No target in view!
A kobold and a hobgoblin come into view.
You shoot an arrow. The arrow hits the hobgoblin.
You kill the hobgoblin!
The bat hits you.
Your Bows skill increases to level 6!
You have reached level 2!
HP[+3] MP[+1]
You now have 16 max hp (+4).
You regained 3 hp, and now have 15/16 hp.
Your mp is fully restored (4).
Shoot: a) +1 shortbow {bow}
Press: ? - help, Q - select action Shift-Dir - straight line, f - bat
Aim: a bat (53% to hit)
You shoot an arrow. The arrow closely misses the bat.
The bat hits you but does no damage. The bat closely misses you.
You shoot an arrow. The arrow misses the bat.
The bat closely misses you. The kobold barely misses you.
You shoot an arrow. The arrow barely misses the kobold.
The bat closely misses you. The kobold closely misses you.
You shoot an arrow. The arrow barely misses the bat.
The bat hits you but does no damage.
The kobold hits you with a +0 short sword of flaming.
The kobold burns you. The bat hits you but does no damage.
HP[-6]
You take 6 damage, and now have 9/16 hp.
MASSIVE DAMAGE!! (PAUSE)
You are too injured to fight recklessly!
You are too injured to fight recklessly!
You are too injured to fight recklessly!
You are too injured to fight recklessly!
You are too injured to fight recklessly!
You are too injured to fight recklessly!
You are too injured to fight recklessly!
You are too injured to fight recklessly!
Shoot: a) +1 shortbow {bow}
Press: ? - help, Q - select action Shift-Dir - straight line, f/p - bat
Aim: a bat (53% to hit)
You shoot an arrow. The arrow hits the bat.
You kill the bat!
The kobold hits you with a +0 short sword of flaming.
* * * LOW HITPOINT WARNING * * *
The kobold burns you.
* * * LOW HITPOINT WARNING * * *
The kobold hits you with a +0 dagger.
* * * LOW HITPOINT WARNING * * *
The kobold closely misses you. The kobold hits you with a +0 dagger.
* * * LOW HITPOINT WARNING * * *
HP[-5]
You take 5 damage, and now have 4/16 hp.
MASSIVE DAMAGE!! (PAUSE) Shoot: a) +1 shortbow {bow}
Press: ? - help, Q - select action Shift-Dir - straight line, f - kobold
Aim: a kobold, wielding a +0 short sword of flaming and quivering stones (59% to hit)
You shoot an arrow. The arrow barely misses the kobold.
The kobold hits you but does no damage. x2
Shoot: a) +1 shortbow {bow}
Press: ? - help, Q - select action Shift-Dir - straight line, f/p - kobold
Aim: a kobold, wielding a +0 short sword of flaming and quivering stones (59% to hit)
You shoot an arrow. The arrow closely misses the kobold.
The kobold hits you but does no damage. The kobold hits you with a +0 dagger.
* * * LOW HITPOINT WARNING * * *
HP[-2]
You take 2 damage, and now have 2/16 hp.
Shoot: a) +1 shortbow {bow}
Press: ? - help, Q - select action Shift-Dir - straight line, f/p - kobold
Aim: a kobold, wielding a +0 short sword of flaming and quivering stones (59% to hit)
You shoot an arrow. The arrow hits the kobold.
The kobold hits you with a +0 short sword of flaming.
You die...

Skill      XL: |  1 |
---------------+----+-----
Bows           | 6 |  6.0
Fighting       | |  1.5
Dodging        | |  2.4
Stealth        | |  1.2

Action                   || total
-------------------------++-------
 Fire: Shortbow          ||    26
Armor: Leather armour    ||     7
Dodge: Dodged            ||    11

Levels and vault maps discovered:
D:1:      eino_arrival_cavern_b, layout_basic, basic_ecumenical_altar,
          st_stairs_3

Notes
Turn   | Place    | Note
-------+----------+-------------------------------------------
     0 | D:1      | zeratav the Deep Elf Hunter began the quest for the Orb.
     0 | D:1      | Reached XP level 1. HP: 12/12 MP: 3/3
     0 | D:1      | magus.rc [v1.9.6]
   230 | D:1      | Found a faded altar of an unknown god.
   508 | D:1      | Reached skill level 6 in Bows
   508 | D:1      | Reached XP level 2. HP: 15/16 MP: 4/4
   512 | D:1      | HP: 4/16 [kobold/+0 dagger (2)]
   515 | D:1      | Slain by a kobold

Vanquished Creatures
  2 bats (D:1)
  An endoplasm (D:1)
  A hobgoblin (D:1)
  A ball python (D:1)
  2 goblins (D:1)
  A kobold (D:1)
  2 rats (D:1)
10 creatures vanquished.

Table legend:
 A = Non-vault XP
 B = Vault XP
 C = Vault XP percentage of total XP
 D = Non-vault monster count
 E = Vault monster count
 F = Vault count percentage of total count
                 A         B        C        D         E       F
            +---------+---------+-------+---------+---------+-------
      Total |      13 |       1 |   7.1 |       9 |       1 |  10.0
            +---------+---------+-------+---------+---------+-------
        D:1 |      13 |       1 |   7.1 |       9 |       1 |  10.0
            +---------+---------+-------+---------+---------+-------

Illustrated notes

Table legend:
 A = Kills in this place as a percentage of kills in entire the game.
 B = Kills by you in this place as a percentage of kills by you in the entire game.
 C = Kills by friends in this place as a percentage of kills by friends in the entire game.
 D = Other kills in this place as a percentage of other kills in the entire game.
 E = Experience gained in this place as a percentage of experience gained in the entire game.
 F = Experience gained in this place divided by the number of levels of this place that you have seen.
                   A       B       C       D       E      F
               +-------+-------+-------+-------+-------+----------------------
         Total | 100.0 | 100.0 |   N/A |   N/A | 100.0 |  14.0
       Dungeon | 100.0 | 100.0 |   N/A |   N/A | 100.0 |  14.0
               +-------+-------+-------+-------+-------+----------------------

Table legend: (Time is in decaauts)
 A = Elapsed time spent in this place.
 B = Non-inter-level travel time spent in this place.
 C = Inter-level travel time spent in this place.
 D = Time resting spent in this place.
 E = Time spent auto-exploring this place.
 F = Levels seen in this place.
 G = Mean time per level.
                   A        B        C        D        E       F      G
               +--------+--------+--------+--------+--------+-----+--------+
         Total |    522 |    522 |      0 |      0 |    474 |   1 |  522.0 |
       Dungeon |    522 |    522 |      0 |      0 |    474 |   1 |  522.0 |
               +--------+--------+--------+--------+--------+-----+--------+

Top non-repeatable levels by time:
     D:1: 522 daAuts
